AoeStats
← kenneth3011

Arabia

510251861Analyzed
2v2 RM · 1d ago on Sep 30, 2026· 54m 44s· 4 players
Game mode
Random Map
Map size
Medium (4 player)
Population
200
Speed
Normal
Resources
Standard
Victory
Conquest
Starting age
Dark Age
Ending age
Imperial Age
RankedLock teamsTeams togetherTeam positionsShared explorationLock speedFull tech treeHidden civsTurbo modeCheats
Victory
Defeat
🇦🇷 Teutons · Argentina
1264
+13
🇦🇷 Vietnamese · Argentina
1145
+17
🇨🇴 Burmese · Colombia
1186
-15
🇨🇴 Teutons · Colombia
1183
-15
chrisgrm
7:07 Loom
9:55 Feudal Age
20:00 Scale Mail Armor
20:13 Forging
22:08 Castle Age
20:45 Wheelbarrow
21:02 Gold Mining
22:09 Stone Mining
23:24 Iron Casting
23:06 Chain Mail Armor
22:13 Pikeman
25:18 Horse Collar
26:14 Squires
26:45 Scale Barding Armor
28:22 Bloodlines
29:55 Husbandry
35:04 Devotion
35:27 Sanctity
41:19 Fervor
41:15 Atonement
44:58 Imperial Age
46:21 Hand Cart
47:42 Block Printing
47:57 Illumination
47:46 Redemption
49:10 Light Cavalry
49:13 Cavalier
50:19 Conscription
51:27 Elite Battle Elephant
52:13 Fletching
54:30 Town Watch
kenneth3011
7:02 Loom
9:51 Feudal Age
11:32 Double-Bit Axe
13:33 Wheelbarrow
12:56 Fletching
14:54 Horse Collar
27:19 Castle Age
28:14 Bodkin Arrow
42:04 Guard Tower
47:55 Bow Saw
52:07 Heavy Plow
lu.sal1207
7:02 Loom
9:31 Feudal Age
11:32 Gold Mining
22:16 Fletching
39:28 Castle Age
39:42 Crossbowman
42:00 Double-Bit Axe
46:00 Ballistics
46:44 Bodkin Arrow
Mirkwood Heir
7:35 Loom
9:41 Feudal Age
10:41 Double-Bit Axe
21:40 Castle Age
20:16 Gold Mining
22:00 Bloodlines
22:56 Forging
23:01 Scale Barding Armor
25:22 Bow Saw
25:37 Chain Barding Armor
26:41 Iron Casting
32:02 Wheelbarrow
32:56 Fletching
33:33 Scale Mail Armor
36:23 Chain Mail Armor
37:16 Squires
44:54 Imperial Age
43:54 Hand Cart
44:56 Stone Mining
45:39 Ironclad
46:16 Plate Mail Armor
46:26 Conscription
45:57 Arson
46:27 Pikeman
46:36 Elite Teutonic Knight
47:12 Town Watch
47:17 Cavalier
49:00 Blast Furnace
49:37 Plate Barding Armor
48:24 Halberdier
49:29 Capped Ram
52:13 Crenellations
Connection lost

Rejoining the realm…

Still unreachable

The connection could not be restored.

Session expired

The server has moved on; the page needs a fresh start.